 Dungeon Crawl Stone Soup version 0.20.1-1-g8b1a95d (webtiles) character file.

11897 VirginKiller the Grappler (level 11, 79/79 HPs)
             Began as a Demigod Gladiator on Oct 9, 2017.
             Got out of the dungeon alive.
             The game lasted 01:08:40 (7850 turns).

VirginKiller the Grappler (Demigod Gladiator)       Turns: 7850, Time: 01:08:40

Health: 79/79      AC: 25    Str: 23    XL:     11   Next: 30%
Magic:  16/16      EV:  7    Int: 12    God:
Gold:   614        SH:  4    Dex: 17    Spells: 10/10 levels left

rFire    . . .     SeeInvis .     - Unarmed
rCold    . . .     Gourm    .   (no shield)
rNeg     . . .     Faith    .   K - +6 plate armour {ponderous}
rPois    .         Spirit   .   b - +2 helmet
rElec    .         Reflect  +   (no cloak)
rCorr    .         Harm     .   L - +2 pair of gloves
MR       +....                  J - +2 pair of boots
Stlth    ..........             h - +4 amulet of reflection
Regen    0.3/turn               (no ring)
MPRegen  0.2/turn               (no ring)

@: slow
A: high mp 1
a: no special abilities


You escaped.
You were hungry.

You visited 2 branches of the dungeon, and saw 10 of its levels.
You also visited: Ossuary and Ice Cave.

You collected 614 gold pieces.

Inventory:

Hand Weapons
 a - a +5 blowgun
Missiles
 j - 5 needles of paralysis
 u - 11 poisoned needles
 E - 3 tomahawks (quivered)
Armour
 b - a +2 helmet (worn)
 J - a +2 pair of boots (worn)
 K - a +6 plate armour of ponderousness (worn)
 L - a +2 pair of gloves (worn)
Jewellery
 c - a +4 amulet of reflection
 h - a +4 amulet of reflection (around neck)
 o - an uncursed ring of fire
 B - an uncursed amulet of rage
Wands
 p - a wand of random effects (29/48)
 D - a wand of iceblast (3/15)
 F - a wand of paralysis (0/24)
 M - a wand of paralysis (10/24)
Scrolls
 f - 2 scrolls of magic mapping
 i - 3 scrolls of immolation
 m - 2 scrolls of recharging
 n - 4 scrolls of remove curse
 r - a scroll of fear
 v - 4 scrolls of teleportation
 y - 3 scrolls of amnesia
 C - a scroll of identify
 I - a scroll of fog
Potions
 g - a potion of flight
 k - 3 potions of resistance
 G - 2 potions of brilliance
Comestibles
 d - 5 bread rations
 l - 8 fruits
 s - 5 meat rations
 z - 2 royal jellies


   Skills:
 - Level 1.7 Fighting
 + Level 7.7 Throwing
 - Level 2.6 Dodging
 + Level 14.6 Unarmed Combat
 * Level 2.4 Evocations


You had 10 spell levels left.
You didn't know any spells.

Dungeon Overview and Level Annotations

Branches:
Dungeon (9/15)             Temple (0/1) D:7            Lair (1/6) D:8
    Orc (0/2) D:9

Shops:
D:6 }


Innate Abilities, Weirdness & Mutations

You have an increased reservoir of magic. (+10% MP)


Message History

HP restored.
Found an escape hatch in the floor.
There is an escape hatch in the floor here.
Found an escape hatch in the ceiling.
There is an escape hatch in the ceiling here.
You can't go down here!
There is an escape hatch in the ceiling here.
A mysterious force pulls you upwards. The hatch slams shut behind you.
(D) Dungeon (T) Temple (L) Lair (O) Orcish Mines
Where to? (Enter - D:3 @ (x,y), ? - help)
You are feeling hungry.
(D) Dungeon (T) Temple (L) Lair (O) Orcish Mines
Where to? (Enter - D:3 @ (x,y), ? - help)
What level of the Dungeon? (default 1, ? - help)
There is a stone staircase leading up here.
You climb upwards.
There is a stone staircase leading down here.
There is a staircase leading out of the dungeon here.
Are you sure you want to leave the Dungeon?
This will make you lose the game!
You have escaped!

.
##..≈)≈..≈≈.≈..##
#
#≈≈PP≈..≈≈≈P....#
#≈≈.P.≈..P≈.....#
##≈≈≈≈.≈≈..P...##
#≈≈≈≈PP......≈≈.#
#≈≈#≈.........P.#
##P#..≈..P..≈≈P.#
##P......≈.P≈≈.#
#@..PP...P≈≈≈.#
###############


There were no monsters in sight!

Vanquished Creatures
  2 two-headed ogres
  Nergalle (Lair:1)
  Joseph (Lair:1)
  A black mamba (Lair:1)
  A spiny frog (Lair:1)
  3 ice devils
  A queen bee (D:8)
  2 hippogriffs
  5 yaks (D:9)
  2 wyverns
  A spriggan (Lair:1)
  Eustachio (D:5)
  2 hungry ghosts (D:9)
  A two-headed ogre zombie (D:9)
  2 water moccasins (Lair:1)
  2 hell hounds (D:8)
  3 porcupines (Lair:1)
  Duvessa (D:5)
  A sky beast (D:8)
  10 ice beasts
  2 orc warriors (D:7)
  4 phantoms
  5 ogres
  3 centaurs
  2 crocodiles (Lair:1)
  A big kobold (D:7)
  An elf zombie (Ossuary)
  5 bullfrogs
  2 scorpions
  Dowan (D:5)
  2 troll zombies (D:9)
  15 killer bees (D:8)
  3 wights (D:9)
  3 howler monkeys
  A crimson imp (D:5)
  4 centaur zombies
  6 hounds
  2 jellies
  6 orc wizards
  2 bullfrog skeletons (D:6)
  6 orc priests (D:7)
  A centaur skeleton (D:9)
  2 iguanas (D:8)
  6 worker ants
  5 ogre zombies (D:9)
  4 big kobold zombies (Ossuary)
  A hound zombie (D:7)
  2 mummies (Ossuary)
  A worker ant zombie (D:6)
  9 adders
  A shadow imp (D:9)
  An ooze (D:1)
  An adder skeleton (D:8)
  2 worms (D:2)
  A dart slug (D:4)
  A leopard gecko (D:5)
  24 orcs
  4 giant cockroaches
  4 goblins
  2 hobgoblins (D:2)
  13 jackals
  A quokka (D:6)
  6 bats
  5 frilled lizards
  3 goblin skeletons (D:9)
  4 goblin zombies
  15 hobgoblin zombies
  12 kobolds
  5 kobold zombies (Ossuary)
  3 orc skeletons (D:9)
  22 orc zombies
  A quokka skeleton (D:8)
  A quokka zombie (D:5)
  5 rats
  3 rat zombies (Ossuary)
290 creatures vanquished.

Notes
Turn   | Place    | Note
-------+----------+-------------------------------------------
     0 | D:1      | VirginKiller the Demigod Gladiator began the quest for the Orb.
     0 | D:1      | Reached XP level 1. HP: 17/17 MP: 3/3
   120 | D:1      | Reached skill level 3 in Unarmed Combat
   337 | D:1      | Reached XP level 2. HP: 22/24 MP: 4/4
   671 | D:2      | Reached XP level 3. HP: 18/29 MP: 5/5
   723 | D:2      | Reached skill level 4 in Unarmed Combat
  1040 | D:3      | Noticed a scorpion
  1068 | D:3      | Killed a scorpion
  1068 | D:3      | Reached skill level 5 in Unarmed Combat
  1068 | D:3      | Reached XP level 4. HP: 21/36 MP: 6/6
  1203 | D:3      | Noticed a centaur
  1221 | D:3      | Killed a centaur
  1221 | D:3      | Reached XP level 5. HP: 8/41 MP: 7/7
  1548 | D:3      | Reached skill level 6 in Unarmed Combat
  1757 | D:4      | Noticed a phantom
  1773 | D:4      | Killed a phantom
  1773 | D:4      | Reached XP level 6. HP: 45/48 MP: 8/8
  1829 | D:4      | Reached skill level 7 in Unarmed Combat
  2150 | D:4      | Reached XP level 7. HP: 53/53 MP: 9/9
  2407 | D:4      | Reached skill level 8 in Unarmed Combat
  2496 | D:5      | Entered Level 5 of the Dungeon
  2670 | D:5      | Noticed Dowan
  2711 | D:5      | Killed Dowan
  2955 | D:5      | Noticed Eustachio
  2979 | D:5      | Killed Eustachio
  2979 | D:5      | Reached skill level 9 in Unarmed Combat
  2980 | D:5      | Noticed Duvessa
  3129 | D:5      | Killed Duvessa
  3144 | D:6      | Found a sparkling altar of Nemelex Xobeh.
  3171 | D:6      | Reached XP level 8. HP: 60/60 MP: 10/10
  3258 | D:6      | Found a sand-covered staircase.
  3262 | Ossuary  | Entered an ossuary
  3413 | Ossuary  | Reached skill level 10 in Unarmed Combat
  3693 | D:6      | Noticed a two-headed ogre
  3709 | D:6      | Killed a two-headed ogre
  3709 | D:6      | Reached skill level 11 in Unarmed Combat
  3709 | D:6      | Reached XP level 9. HP: 43/67 MP: 11/11
  3822 | D:6      | Found Affy's Gadget Shop.
  3853 | D:6      | Found a blossoming altar of Fedhas.
  3959 | D:7      | Reached skill level 12 in Unarmed Combat
  4016 | D:7      | Found an opulent altar of Gozag.
  4017 | D:7      | Found a shimmering altar of Xom.
  4017 | D:7      | Found a shimmering altar of Xom.
  4017 | D:7      | Found a snail-covered altar of Cheibriados.
  4018 | D:7      | Found a shimmering altar of Xom.
  4019 | D:7      | Found a burning altar of Makhleb.
  4019 | D:7      | Found a stormy altar of Qazlal.
  4020 | D:7      | Found a shattered altar of Ashenzari.
  4020 | D:7      | Found a deep blue altar of Sif Muna.
  4021 | D:7      | Found a basalt altar of Yredelemnul.
  4021 | D:7      | Found a basalt altar of Yredelemnul.
  4021 | D:7      | Found a snail-covered altar of Cheibriados.
  4330 | D:7      | Found a white marble altar of Elyvilon.
  4358 | D:7      | Found a staircase to the Ecumenical Temple.
  4671 | D:8      | Reached skill level 13 in Unarmed Combat
  4862 | D:8      | Reached XP level 10. HP: 46/73 MP: 13/13
  4979 | D:8      | Found a staircase to the Lair.
  5048 | D:8      | Identified the Grimoire of Creative Translocation
  5387 | D:9      | Reached skill level 14 in Unarmed Combat
  5516 | D:9      | Found a staircase to the Orcish Mines.
  5598 | D:9      | Noticed a two-headed ogre
  5616 | D:9      | Killed a two-headed ogre
  5616 | D:9      | Reached skill level 5 in Throwing
  5840 | D:9      | Found a shimmering altar of Xom.
  5840 | D:9      | Found a faded altar of an unknown god.
  5846 | D:9      | Found an iron altar of Okawaru.
  5848 | D:9      | Found a faded altar of an unknown god.
  5849 | D:9      | Found a stormy altar of Qazlal.
  6000 | Lair:1   | Entered Level 1 of the Lair of Beasts
  6000 | Lair:1   | Noticed Nergalle
  6015 | Lair:1   | Killed Nergalle
  6188 | Lair:1   | Found a frozen archway.
  6199 | Lair:1   | Reached XP level 11. HP: 52/79 MP: 14/14
  6264 | IceCv    | Entered an ice cave
  7116 | Lair:1   | Noticed Joseph
  7156 | Lair:1   | Killed Joseph
  7156 | Lair:1   | Reached skill level 1 in Evocations
  7557 | Lair:1   | Noticed a two-headed ogre
  7850 | D:$      | Got out of the dungeon alive.

Skill      XL: |  1  2  3  4  5  6  7  8  9 10 11 |
---------------+----------------------------------+-----
Unarmed Combat | 3 5 6 7 9 11 13 14 | 14.6
Throwing       | 6 7 |  7.7
Evocations     | 2 |  2.4
Fighting       | |  1.7
Dodging        | |  2.6

Action                   |  1- 3 |  4- 6 |  7- 9 | 10-12 || total
-------------------------+-------+-------+-------+-------++-------
Melee: Unarmed           |   130 |   119 |   518 |   434 ||  1201
       Punch             |     2 |     2 |    45 |    24 ||    73
 Fire: Blowgun           |       |       |       |    41 ||    41
Throw: Throwing net      |     4 |       |       |     1 ||     5
       Tomahawk          |       |       |       |     4 ||     4
Evoke: Wand              |       |       |    12 |     2 ||    14
  Use: Potion            |     2 |     5 |     3 |     9 ||    19
       Scroll            |       |     8 |    12 |     8 ||    28
 Stab: Held in net/web   |     3 |       |       |       ||     3
       Invisible         |       |     5 |       |       ||     5
       Paralysed         |       |       |    16 |     2 ||    18
  Eat: Chunk             |       |     3 |     8 |     9 ||    20
       Royal jelly       |       |       |     1 |     3 ||     4
       Fruit             |       |       |     1 |       ||     1
Armor: Leather armour    |    14 |       |       |       ||    14
       Ring mail         |    23 |    34 |   115 |       ||   172
       Plate armour      |       |       |    52 |   175 ||   227
Dodge: Dodged            |    63 |    48 |   162 |    88 ||   361
Block: Other             |       |     6 |    64 |    49 ||   119
       Reflection        |       |       |       |     2 ||     2
